Unix NetHack Version 5.0.0-0 post-release - last build May 23 2026 06:08:33 (1c0ff79ee797540d5714e4e18072db0edd9e58ae,branch:main).

Game began 2026-05-23 11:52:42, ended 2026-05-23 11:58:15.

Jobair, neutral female human Tourist

                                                  ------
   --------------      ------------               |....+
   |............|      |..........|               |....|
   |.............######|.....`....-###########    |....|
   |............|     #...........|          #### |....|
   |............|      |..........|             # |..&f|
   -|-----.----|-      ------------             ##....@|
    #     ######                                  ------               ------
           ###                                                         |....|
           # ##                                                        |....|
           #  ####                                                     |....|
           #####                                                       |..<.|
  ###########-.---                      ------------.--                |....|
 -.----     #|...|                      |.............|     ----- #####-....|
 |%...+#####0|...|                  ####-..............#    |....##    ------
 |....|   ###|...|            #######   |.............|#####-...|
 |.....#### #|.>..#############         |.............|     |...|
 ------     #-----                      ---------------     -----

Jobair the Sightseer        St:9 Dx:11 Co:18 In:12 Wi:10 Ch:15  Neutral
Dlvl:2  $:704 HP:0(28) Pw:12(12) AC:10 Xp:3 T:523  Satiated

Latest messages:
 The water demon picks up a +2 dart.
 In what direction? 7
 The dart misses the water demon.
 The water demon picks up a +2 dart.
 In what direction? 7
 The dart hits the water demon!
 The water demon picks up a +2 dart.
 In what direction? 7
 The dart misses the water demon.
 The water demon picks up a +2 dart.
 In what direction? 7
 The dart misses the water demon.
 The water demon picks up a +2 dart.
 In what direction? 7
 The dart hits the water demon!
 The water demon picks up a +2 dart.
 In what direction? 7
 The dart misses the water demon.
 The water demon hits!
 The water demon hits!
 The water demon bites!
 In what direction? 7
 The dart misses the water demon.
 The water demon hits!
 The water demon hits!
 The water demon bites!
 In what direction? 7
 The dart misses the water demon.
 The water demon hits!
 The water demon hits!
 The water demon bites!
 In what direction? 7
 The dart misses the water demon.
 The water demon hits!
 The water demon hits!
 The water demon bites!
 In what direction? 7
 The dart hits the water demon.
 The water demon hits!
 The water demon hits!
 The water demon bites!
 In what direction? 7
 The dart misses the water demon.
 The water demon hits!
 You die...
 Do you want your possessions identified? [ynq] (y) y
 Do you want to see your attributes? [ynq] (y) y
 Do you want an account of creatures vanquished? [ynaq] (y) y
 Do you want to see your conduct and achievements? [ynq] (y) y
 Do you want to see the dungeon overview? [ynq] (y) y

Inventory:
 Coins    ('$')
  $ - 704 gold pieces
 Weapons  (')')
  a - 3 +2 darts (at the ready)
  n - a cursed +0 orcish dagger
 Armor    ('[')
  o - an uncursed +0 orcish helm
  g - an uncursed +0 Hawaiian shirt with an orchid motif
 Comestibles  ('%')
  b - 2 uncursed goobers
  c - 7 uncursed food rations
  j - an uncursed pancake
  k - an uncursed homemade tin of kobold meat
  p - an uncursed tin of dried kobold meat
  d - an uncursed egg
 Scrolls  ('?')
  m - an uncursed scroll of food detection
  f - 4 uncursed scrolls of magic mapping
 Potions  ('!')
  e - 3 uncursed potions of extra healing
  s - a blessed potion of object detection
  r - a blessed potion of oil
 Wands    ('/')
  q - a wand of create monster (0:13)
 Tools    ('(')
  i - an uncursed credit card
  h - an expensive camera (0:67)
  t - an uncursed mirror
 Gems/Stones  ('*')
  l - an uncursed obsidian stone

Jobair the Tourist's attributes:

Background:
 You were a Sightseer, a level 3 female human Tourist.
 You were neutral, on a mission for The Lady
 who was opposed by Blind Io (lawful) and Offler (chaotic).
 You were right-handed.
 You were in the Dungeons of Doom, on level 2.
 You entered the dungeon 523 turns ago.
 You had 79 experience points, 1 more was needed to attain level 4.

Basics:
 You had 0 out of 28 hit points.
 You had all 12 energy points (spell power).
 Your armor class was 10.
 Your wallet contained 704 zorkmids.
 Autopickup was off.

Final Characteristics:
 Your strength was 9 (limit:18/100).
 Your dexterity was 11 (limit:18).
 Your constitution was 18 (limit:18).
 Your intelligence was 12 (limit:18).
 Your wisdom was 10 (limit:18).
 Your charisma was 15 (limit:18).

Final Status:
 You were satiated.
 You were unencumbered.
 You were bare handed.
 You were unskilled in bare handed combat.
 You weren't wearing any armor.

Final Attributes:
 You were nominally aligned.
 You saw invisible.
 You are dead.

Miscellaneous:
 You didn't encounter any bones levels.
 Total elapsed playing time was 5 minutes and 33 seconds.

Major events:
 Turn
    1: Jobair the neutral female human Tourist entered the dungeon
  493: attained the rank of Sightseer (level 3)
  523: killed by a water demon

You didn't know any spells.

Skills:
 Fighting Skills
   bare handed combat [Unskilled]
   two weapon combat  [Unskilled]
   riding             [Unskilled]
 Weapon Skills
   dagger             [Unskilled]
   knife              [Unskilled]
   axe                [Unskilled]
   pick-axe           [Unskilled]
   short sword        [Unskilled]
   broadsword         [Unskilled]
   long sword         [Unskilled]
   two-handed sword   [Unskilled]
   saber              [Unskilled]
   mace               [Unskilled]
   morning star       [Unskilled]
   flail              [Unskilled]
   hammer             [Unskilled]
   quarterstaff       [Unskilled]
   polearms           [Unskilled]
   spear              [Unskilled]
   trident            [Unskilled]
   lance              [Unskilled]
   bow                [Unskilled]
   sling              [Unskilled]
   crossbow           [Unskilled]
   dart               [Basic]
   shuriken           [Unskilled]
   boomerang          [Unskilled]
   whip               [Unskilled]
   unicorn horn       [Unskilled]
 Spellcasting Skills
   divination spells  [Unskilled]
   enchantment spells [Unskilled]
   escape spells      [Unskilled]

Voluntary challenges:
 Character rerolling was not enabled.
 You were an atheist.
 You never hit with a wielded weapon.
 You never genocided any monsters.
 You never polymorphed an object.
 You never changed form.
 You used no wishes.
Achievement:
 You attained the rank of Sightseer.

 The Dungeons of Doom: levels 1 to 3
    Level 1:
    Level 2: <- You were here.
       A fountain.
       Final resting place for
          you, killed by a water demon.
    Level 3:


Vanquished creatures:
  a water nymph
  4 jackals
  a goblin
  a grid bug
  a lichen
  2 newts
10 creatures vanquished.

No species were genocided or became extinct.

Game over:
                       ----------
                      /          \
                     /    REST    \
                    /      IN      \
                   /     PEACE      \
                  /                  \
                  |      Jobair      |
                  |      704 Au      |
                  |   killed by a    |
                  |   water demon    |
                  |                  |
                  |                  |
                  |       2026       |
                 *|     *  *  *      | *
        _________)/\\_//(\/(/\)/\//\/|_)_______

Aloha Jobair the Tourist...

You died in The Dungeons of Doom on dungeon level 2 with 771 points,
and 704 pieces of gold, after 523 moves.
You were level 3 with a maximum of 28 hit points when you died.

